 Dungeon Crawl Stone Soup version 0.21-a0-426-g98080a9 (webtiles) character file.

1002 GoodRolls the Conjurer (level 8, -3/41 HPs)
             Began as a Tengu Fire Elementalist on Nov 7, 2017.
             Shot with an arrow by a centaur (10 damage)
             ... on level 5 of the Dungeon.
             The game lasted 00:15:54 (4646 turns).

GoodRolls the Conjurer (Tengu Fire Elementalist)    Turns: 4646, Time: 00:15:54

Health: -3/41      AC:  2    Str:  8      XL:     8   Next: 20%
Magic:  18/18      EV: 12    Int: 16      God:
Gold:   180        SH:  0    Dex: 13 (17) Spells: 1/19 levels left

rFire    . . .     SeeInvis .   e - +1 short sword (protect)
rCold    . . .     Gourm    .   (no shield)
rNeg     . . .     Faith    .   a - +0 robe
rPois    .         Spirit   .   (helmet restricted)
rElec    .         Reflect  .   (no cloak)
rCorr    .         Harm     .   (no gloves)
MR       .....                  (boots unavailable)
Stlth    ++........             o - amulet of magic regeneration
HPRegen  0.13/turn              (no ring)
MPRegen  0.41/turn              (no ring)

@: no status effects
A: beak, talons 3, able to fly 1
a: Fly


You were on level 5 of the Dungeon.
You were hungry.

You visited 1 branch of the dungeon, and saw 5 of its levels.

You collected 180 gold pieces.

Inventory:

Hand Weapons
 e - a +1 short sword of protection (weapon)
Missiles
 j - a throwing net (quivered)
Armour
 a - a +0 robe (worn)
Jewellery
 d - an uncursed amulet of rage {unknown}
 o - an amulet of magic regeneration (around neck)
Scrolls
 k - 2 scrolls of recharging
 u - a scroll of fog
 v - 2 scrolls of amnesia
Potions
 f - a potion of curing
 i - a potion of berserk rage
 l - a potion of heal wounds
 m - a potion of cancellation {unknown}
 p - a potion of mutation {unknown}
 q - 2 potions of invisibility {unknown}
 r - a potion of might {unknown}
Books
 b - a book of Flames

   Spells                             Type                      Level
   a - Flame Tongue                   Conjuration/Fire             1
   b - Throw Flame                    Conjuration/Fire             2
   c - Conjure Flame                  Conjuration/Fire             3
   d - Inner Flame                    Hexes/Fire                   3
   e - Sticky Flame                   Conjuration/Fire             4
   f - Fireball                       Conjuration/Fire             5
 t - a book of Minor Magic

   Spells                             Type                      Level
   a - Magic Dart                     Conjuration                  1
   b - Blink                          Translocation                2
   c - Call Imp                       Summoning                    2
   d - Slow                           Hexes                        2
   e - Conjure Flame                  Conjuration/Fire             3
   f - Mephitic Cloud                 Conjuration/Poison/Air       3
Comestibles
 c - 4 bread rations
 g - 4 fruits
 h - a royal jelly
 n - 2 meat rations


   Skills:
 - Level 2.1 Dodging
 - Level 2.0 Stealth
 - Level 6.0 Spellcasting
 - Level 7.0 Conjurations
 + Level 5.7 Fire Magic


You had one spell level left.
You knew the following spells:

 Your Spells              Type           Power        Failure   Level  Hunger
a - Flame Tongue          Conj/Fire      ####.        1%          1    None
b - Throw Flame           Conj/Fire      ####..       1%          2    #......
c - Conjure Flame         Conj/Fire      ####....     3%          3    ##.....
d - Inner Flame           Hex/Fire       ##......     13%         3    ##.....
e - Sticky Flame          Conj/Fire      ####....     10%         4    ####...
f - Fireball              Conj/Fire      ####......   28%         5    ######.


Dungeon Overview and Level Annotations

Branches:
Dungeon (5/15)
 Temple: D:4-7

Altars:
Ashenzari
Hepliaklqana
Nemelex Xobeh
Ru


Innate Abilities, Weirdness & Mutations

You have a beak for a mouth.
You have claws for feet.
You can fly.


Message History

A frilled lizard comes into view.
Found a shiny onyx ring.
A frilled lizard is nearby!
A frilled lizard is nearby!
A frilled lizard is nearby!
A frilled lizard is nearby!
The frilled lizard hisses angrily.
You hear a shout!
Found a quarterstaff.
A centaur comes into view.
The centaur wields a shortbow.
The centaur shoots an arrow.
The arrow hits you!
You see here an arrow.
The centaur shoots an arrow.
The arrow hits you.
You see here an arrow.
You barely miss the frilled lizard. Your peck misses the frilled lizard.
The centaur shoots an arrow.
The arrow hits you! The frilled lizard bites you.
The centaur shoots an arrow.
The arrow hits you!
* * * LOW HITPOINT WARNING * * *
The frilled lizard closely misses you.
The centaur shoots an arrow.
The arrow hits you!
You die...

#................
#..........#..###
#..#..###..#..#
#..#..# #..#..#
#.....###..#..###
#...%............ #
#....[......#.###
#..###.(#........#.#
#..c.@(.#........#.#
#..#.l..#.......##.#
#...=#.#####.......#
#..#....#.........##
#.....).#$...##.#.#
###.###.#.!.#####.#
#. ..... #.# #.
..... #.# .. #.#


You could see a centaur and a frilled lizard.

Vanquished Creatures
  Sigmund (D:2)
  2 phantoms
  A scorpion (D:4)
  A howler monkey (D:4)
  A centaur zombie (D:5)
  A hound (D:4)
  A quasit (D:5)
  A bullfrog skeleton (D:5)
  An orc wizard (D:4)
  An orc priest (D:4)
  Jessica (D:3)
  Ijyb (D:3)
  Natasha (thrice) (D:2)
  A worker ant (D:4)
  Robin (D:3)
  9 adders
  A shadow imp (D:2)
  2 oozes (D:1)
  2 worms
  5 dart slugs
  6 leopard geckos
  15 orcs
  12 bats
  3 giant cockroaches
  17 goblins
  11 hobgoblins
  6 quokkas
  2 ball pythons
  4 frilled lizards
  9 kobolds
  10 rats
132 creatures vanquished.

Notes
Turn   | Place    | Note
-------+----------+-------------------------------------------
     0 | D:1      | GoodRolls the Tengu Fire Elementalist began the quest for the Orb.
     0 | D:1      | Reached XP level 1. HP: 10/10 MP: 4/4
    13 | D:1      | Reached skill level 2 in Conjurations
   167 | D:1      | Reached XP level 2. HP: 15/15 MP: 1/6
   231 | D:1      | Learned a level 2 spell: Throw Flame
   286 | D:1      | Reached skill level 3 in Conjurations
   506 | D:1      | Reached XP level 3. HP: 19/19 MP: 5/7
   511 | D:1      | Learned a level 3 spell: Conjure Flame
   601 | D:1      | Reached skill level 4 in Conjurations
   952 | D:2      | Found a sacrificial altar of Ru.
  1090 | D:2      | Reached skill level 5 in Conjurations
  1090 | D:2      | Reached XP level 4. HP: 18/24 MP: 3/8
  1091 | D:2      | Noticed Natasha
  1213 | D:2      | Killed Natasha
  1545 | D:2      | Noticed Natasha
  1551 | D:2      | Killed Natasha
  1551 | D:2      | Gained mutation: You can fly. [Tengu growth]
  1551 | D:2      | Reached XP level 5. HP: 28/28 MP: 3/11
  1618 | D:2      | Learned a level 3 spell: Inner Flame
  1642 | D:2      | Noticed Sigmund
  1657 | D:2      | Killed Sigmund
  1657 | D:2      | Reached XP level 6. HP: 32/32 MP: 6/14
  1733 | D:2      | Noticed Natasha
  1742 | D:2      | Killed Natasha
  1742 | D:2      | Reached skill level 5 in Spellcasting
  1915 | D:2      | Learned a level 4 spell: Sticky Flame
  2219 | D:2      | Found a hazy altar of Hepliaklqana.
  2488 | D:3      | Noticed Jessica
  2496 | D:3      | Killed Jessica
  2743 | D:3      | Found a sparkling altar of Nemelex Xobeh.
  2868 | D:3      | Found a shattered altar of Ashenzari.
  3389 | D:3      | Noticed Ijyb
  3402 | D:3      | Killed Ijyb
  3402 | D:3      | Reached XP level 7. HP: 32/36 MP: 13/16
  3583 | D:3      | Noticed Robin
  3597 | D:3      | Killed Robin
  3737 | D:3      | Learned a level 5 spell: Fireball
  4043 | D:4      | Reached skill level 6 in Conjurations
  4044 | D:4      | Reached skill level 7 in Conjurations
  4518 | D:5      | Entered Level 5 of the Dungeon
  4541 | D:5      | Reached XP level 8. HP: 38/41 MP: 14/18
  4561 | D:5      | Reached skill level 5 in Fire Magic
  4646 | D:5      | Shot with an arrow by a centaur

Vault maps used:
D:1:      eino_arrival_druids_welcome, serial_corexii_hall,
          corexii_hall_statues_i, corexii_hall_statues_s, corexii_hall_statues_x
D:2:      nicolae_overflow_hidden_temple, nicolae_ru_great_annihilating_truth,
          uniq_natasha, uniq_sigmund
D:3:      lemuel_round_altar, first_bread, nemelex_diamond_rough_becter,
          uniq_robin, uniq_jessica, uniq_ijyb
D:5:      lemuel_coloured_pillars_altar, lemuel_crystal_altar,
          minmay_temple_entry_fiery

Skill      XL: |  1  2  3  4  5  6  7  8 |
---------------+-------------------------+-----
Conjurations   | 2 3 5 7 |  7.0
Spellcasting   | 3 4 5 6 |  6.0
Fire Magic     | 4 5 |  5.7
Dodging        | |  2.1
Stealth        | |  2.0

Action                   |  1- 3 |  4- 6 |  7- 9 || total
-------------------------+-------+-------+-------++-------
Melee: Short sword       |    39 |    70 |    53 ||   162
       Kick              |    12 |    13 |    15 ||    40
       Peck              |     4 |     9 |     7 ||    20
 Cast: Flame Tongue      |    26 |    56 |    42 ||   124
       Throw Flame       |     3 |     7 |    18 ||    28
       Conjure Flame     |       |     1 |       ||     1
       Sticky Flame      |       |     6 |    11 ||    17
  Use: Scroll            |     3 |     4 |     5 ||    12
       Potion            |       |     1 |       ||     1
 Stab: Sleeping          |     5 |     5 |       ||    10
       Distracted        |       |     1 |       ||     1
  Eat: Chunk             |     1 |     9 |     5 ||    15
Armor: Robe              |    12 |    25 |    21 ||    58
       Skin              |       |    10 |       ||    10
Dodge: Dodged            |    26 |    57 |    36 ||   119

Table legend:
 A = Spawn XP
 B = Non-spawn XP
 C = Spawn XP percentage of total XP
 D = Spawn monster count
 E = Non-spawn monster count
 F = Spawn count percentage of total count
 G = Total turns spent on level
                    A         B        C        D         E        F      G
               +---------+---------+-------+---------+---------+-------+---------
         Total |       0 |    1432 |   0.0 |       0 |     132 |   0.0 |  4646
               +---------+---------+-------+---------+---------+-------+---------
           D:1 |       0 |      53 |   0.0 |       0 |      24 |   0.0 |   928
           D:2 |       0 |     446 |   0.0 |       0 |      35 |   0.0 |  1364
           D:3 |       0 |     221 |   0.0 |       0 |      51 |   0.0 |  1637
           D:4 |       0 |     448 |   0.0 |       0 |      17 |   0.0 |   589
           D:5 |       0 |     264 |   0.0 |       0 |       5 |   0.0 |   128
               +---------+---------+-------+---------+---------+-------+---------
